 Dungeon Crawl Stone Soup version bcrawl-1.28 (webtiles) character file.

Game seed: 16562081632208225389

123983 LostNumber the Sneak (level 5, -6/31 HPs)
             Began as a Vine Stalker Archaeologist on Nov 21, 2020.
             Killed from afar by an orc wizard (8 damage)
             ... with a puff of frost
             ... on level 4 of the Dungeon.
             The game lasted 00:05:08 (2661 turns).

LostNumber the Sneak (Vine Stalker Archaeologist)   Turns: 2661, Time: 00:05:09

Health: -6/31      AC:  6    Str: 15    XL:     5   Next: 11%
Magic:  6/6        EV: 13    Int: 14    God:
Gold:   182        SH:  0    Dex: 12    Spells: 4/4 levels left

rFire    . . .     SeeInvis .   i - +0 dagger
rCold    . . .     Gourm    .   (no shield)
rNeg     . . .     Faith    .   b - +1 robe
rPois    .         Spirit   .   c - +1 hat
rElec    .         Reflect  .   (no cloak)
rCorr    .         Harm     .   (no gloves)
MR       .....                  d - +1 pair of boots
Stlth    +++.......             (no amulet)
HPRegen  0.50/turn              (no ring)
MPRegen  0.10/turn              (no ring)

@: no status effects
A: fangs 2, regeneration 1, no potion heal 3, rot immunity, strong jaws
a: no special abilities


You were on level 4 of the Dungeon.
You were not hungry.

You visited 1 branch of the dungeon, and saw 4 of its levels.

You collected 182 gold pieces.

Inventory:

Hand Weapons
 a - a +0 whip
 f - a +1 broad axe of chopping
   (You acquired it on level 3 of the Dungeon)
 i - a +0 dagger (weapon)
   (You found it on level 1 of the Dungeon)
Armour
 b - a +1 robe (worn)
 c - a +1 hat (worn)
 d - a +1 pair of boots (worn)
 x - a scarf of stasis
   (You found it on level 3 of the Dungeon)
Jewellery
 j - a +5 ring of dexterity {unknown}
   (You found it on level 1 of the Dungeon)
 l - an uncursed amulet of rage {unknown}
   (You found it on level 1 of the Dungeon)
 p - an uncursed ring of stealth {unknown}
   (You found it on level 3 of the Dungeon)
Wands
 h - a wand of polymorph (16)
   (You found it on level 2 of the Dungeon)
Scrolls
 g - 2 scrolls of magic mapping
 k - a scroll of enchant weapon {unknown}
 m - a scroll of immolation {unknown}
 n - 2 scrolls of identify {@r1}
 o - 2 scrolls of noise {unknown}
 r - a scroll of fear {unknown}
 s - 2 scrolls of enchant armour {unknown}
 t - 2 scrolls of amnesia {unknown}
 v - a scroll of teleportation {unknown}
Potions
 q - a potion of ambrosia {unknown}
 u - 3 potions of heal wounds {unknown}
 z - 2 potions of magic {unknown}
Comestibles
 e - 6 rations {!d!d}
 w - 2 chunks of flesh


   Skills:
 + Level 2.3 Fighting
 - Level 2.6 Short Blades
 * Level 0.2(0.6) Axes
 - Level 0.8(0.9) Maces & Flails
 - Level 3.2 Dodging
 + Level 5.5 Stealth


You had 4 spell levels left.
You didn't know any spells.
Your spell library was empty.

Dungeon Overview and Level Annotations

Branches:
Dungeon (4/12)
 Temple: D:4-7

Altars:
Makhleb
Vehumet
Wu Jian


Innate Abilities, Weirdness & Mutations

You have extremely sharp teeth.
Your natural rate of healing is unusually fast.
Potions cannot restore your health.
You are immune to rotting.
Your bites deal extra damage.


Message History

You impale the giant cockroach!!
You kill the giant cockroach!
No target in view!
No target in view!
No target in view!
No target in view!
No target in view!
No target in view!
Found a stone staircase leading down.
s - 2 scrolls labeled GIGENEINUN (gained 1)
You see here a giant cockroach corpse.
All of the chunks of flesh in your inventory have rotted away.
No target in view!
You butcher the giant cockroach corpse.
w - 2 chunks of flesh No target in view!
The orc wizard shouts!
You hear a shout! x2
The orc wizard is too close now for your liking.
An orc comes into view.
It is wielding a +2 dagger of electrocution.
An orc comes into view. It is wielding a -3 hand axe.
The orc wizard hits you but does no damage.
You hit the orc wizard.
The orc wizard hits you with a +0 dagger.
You hit the orc wizard.
An orc priest comes into view. It is wielding a +0 short sword.
The orc priest shouts!
You hit the orc but do no damage. You hit the orc but do no damage.
You bite the orc, but do no damage.
You hit the orc wizard but do no damage.
The orc closely misses you.
The orc wizard casts a spell.
The orc wizard seems to speed up.
You hit the orc wizard but do no damage.
The orc wizard barely misses you. The orc hits you but does no damage.
You are electrocuted!
The orc hits you but does no damage.
The orc wizard gestures at you while chanting.
The magic dart hits you.
* * * LOW HITPOINT WARNING * * *
The orc wizard casts a spell at you. The magic dart hits you.
* * * LOW HITPOINT WARNING * * *
The orc closely misses you. The orc wizard barely misses you.
The orc priest invokes the aid of Beogh against you.
Beogh smites you!
* * * LOW HITPOINT WARNING * * *
The orc wizard points at you and mumbles some strange words.
The puff of frost hits you!
You die...

#........#
#........#
#........#
#...^....#
#........#
#......### #.###..##
#.#<#(..# #.#@#.#.#
#..o..#..#
#.o...##.# #
####.....# .#
#.##..o#....# .#
#......+....#
...####...########..
...!...............>
...#################


You could see an orc wizard and 2 orcs.

Vanquished Creatures
  3 adders
  2 oozes (D:3)
  4 worms
  2 dart slugs
  2 leopard geckos (D:1)
  5 orcs (D:3)
  4 bats
  3 giant cockroaches
  2 goblins
  7 hobgoblins
  16 jackals
  A quokka (D:2)
  3 frilled lizards
  6 kobolds
  3 rats
63 creatures vanquished.

Notes
Turn   | Place    | Note
-------+----------+-------------------------------------------
     0 | D:1      | LostNumber the Vine Stalker Archaeologist began the quest
                  | for the Orb.
     0 | D:1      | Reached XP level 1. HP: 11/11 MP: 2/2
    82 | D:1      | Reached skill level 1 in Fighting
   255 | D:1      | Reached XP level 2. HP: 16/16 MP: 3/3
   641 | D:1      | Reached skill level 1 in Short Blades
   996 | D:2      | Reached XP level 3. HP: 20/20 MP: 4/4
  1268 | D:2      | Found a burning altar of Makhleb.
  1268 | D:2      | Found a radiant altar of Vehumet.
  1335 | D:2      | Reached skill level 5 in Stealth
  1765 | D:2      | Reached XP level 4. HP: 19/26 MP: 5/5
  2362 | D:3      | Found a faded altar of an unknown god.
  2420 | D:3      | Reached XP level 5. HP: 18/30 MP: 6/6
  2420 | D:3      | Identified a scroll of acquirement
  2554 | D:3      | Found an ornate altar of the Wu Jian Council.
  2661 | D:4      | Killed from afar by an orc wizard

Skill      XL: |  1  2  3  4 |
---------------+-------------+-----
Fighting       | 1 2 |  2.3
Short Blades   | 1 2 |  2.6
Stealth        | 5 |  5.5
Axes           | |  0.2
Maces & Flails | |  0.8
Dodging        | |  3.2

Action                   |  1- 3 |  4- 6 || total
-------------------------+-------+-------++-------
Melee: Dagger            |   162 |   188 ||   350
       Whip              |    10 |       ||    10
       Bite              |    15 |    22 ||    37
  Use: Scroll            |       |     1 ||     1
 Stab: Sleeping          |     7 |     5 ||    12
       Distracted        |     1 |       ||     1
  Eat: Chunk             |     6 |     4 ||    10
       Ration            |       |     1 ||     1
Armor: Robe              |    59 |    54 ||   113
Dodge: Dodged            |   164 |   170 ||   334
